[Event "Late-Titled-Tuesday-Blitz-July-09-2024"]
[Site "Chess.com"]
[Date "2024.07.09"]
[Round "3"]
[White "Aygehovit1992"]
[Black "GHANDEEVAM2003"]
[Result "0-1"]
[WhiteElo "2775"]
[BlackElo "3179"]
[TimeControl "180+1"]
[EndTime "14:28:49 PDT"]
[Termination "GHANDEEVAM2003 won by resignation"]

1. e4 c6 2. d4 d5 3. e5 Bf5 4. Nf3 e6 5. Be2 c5 6. Be3 cxd4 7. Nxd4 Ne7 8. Nd2 Nbc6 9. N2f3 Be4 10. O-O Bxf3 11.
Nxf3 Nf5 12. Bf4 Be7 13. c4 dxc4 14. Bxc4 g5 15. Qxd8+ Rxd8 16. Bxg5 Bxg5 17. Nxg5 Nxe5 18. Bb5+ Ke7 19. Rfe1 Rd5 20. Bf1 Rg8 21. f4 Ng6 22. Nh3 Rd4 23. Rac1 Kf6 24. Rc7 Nfh4 25. Rxb7 Nxf4 26. Nxf4 Rxf4 27. g3 Ra4 28. Kf2 Nf5 29.
a3 Rd8 30. Be2 Rd2 31. Rd1 Rc2 32. Ke1 Re4 33. Rd2 Rc1+ 34. Kf2 a5 35. Rb3 Rh1 36. Kg2 Re1 37. Bf3 Rc4 38. Rc3 Rxc3 39. bxc3 Rc1 40. Be4 Ne3+ 41. Kf3 Nc4 42. Rd7 Ne5+ 0-1

[Event "Late-Titled-Tuesday-Blitz-July-09-2024"]
[Site "Chess.com"]
[Date "2024.07.09"]
[Round "3"]
[White "KaydenTroffChess"]
[Black "IamSchrodingersCat"]
[Result "1-0"]
[WhiteElo "2885"]
[BlackElo "2667"]
[TimeControl "180+1"]
[EndTime "14:28:49 PDT"]
[Termination "KaydenTroffChess won on time"]

1. d4 Nf6 2. Nf3 g6 3. Bg5 Bg7 4. Nc3 d5 5. Bxf6 Bxf6 6. e4 dxe4 7. Nxe4 Bg7 8. Bc4 O-O 9. c3 Nc6 10. O-O Bg4 11. h3 Bxf3 12. Qxf3 e6 13. Nc5 Rb8 14. Rad1 Qd6 15. b4 a5 16. a3 axb4 17.
axb4 b6 18. Ne4 Qd8 19. Nf6+ Qxf6 20. Qxc6 Qe7 21. d5 exd5 22. Rxd5 Bxc3 23. Rd7 Qf6 24. Qxc7 Be5 25. Qa7 Qf4 26. Bxf7+ Rxf7 27. g3 Qf5 28. Rxf7 Qxf7 29. Qa3 Rf8 30. Kg2 Bd4 31. Qd3 Qd5+ 32. f3 Qe5 33. Rd1 Bc3 34. Qc4+ Kh8 35. h4 b5 36. Qd3 Bxb4 37. f4 Qe7 38. Rc1 Bd6 39. Rc6 Rd8 40. Qd4+ Kg8 41. Qd5+ Kg7 42. Qd4+ Qf6 43. Qe4 b4 44. Rb6 Rd7 45. Qc6 Qe6 46.
Qf3 h5 47. Rb5 Qf6 48. f5 Qxf5 49. Rxf5 1-0

[Event "Late-Titled-Tuesday-Blitz-July-09-2024"]
[Site "Chess.com"]
[Date "2024.07.09"]
[Round "3"]
[White "10n0l20"]
[Black "K_A_S_T_O_R"]
[Result "0-1"]
[WhiteElo "2494"]
[BlackElo "2843"]
[TimeControl "180+1"]
[EndTime "14:28:49 PDT"]
[Termination "K_A_S_T_O_R won by resignation"]

1. Nf3 c5 2. c4 Nf6 3. Nc3 e6 4. d3 d5 5. cxd5 exd5 6. Bg5 d4 7. Ne4 Be7 8. Nxf6+ Bxf6 9. Bxf6 Qxf6 10. g3 O-O 11.
Bg2 Nc6 12. O-O Be6 13. Rc1 b6 14. Ng5 Bd7 15. Ne4 Qe7 16. a3 a5 17. Nd2 a4 18.
Nc4 Ra6 19. Re1 b5 20. Nd2 Na5 21. e3 dxe3 22. Rxe3 Be6 23. Qh5 Rc8 24. d4 g6 25.
Qe5 f6 26. Qf4 Qd8 27. Ne4 Nc4 28. Nxc5 Nxe3 29. Qxe3 Rb6 30. d5 Bf7 31. Rc3 b4 32.
axb4 Rxb4 33. Qd2 Rcb8 34. d6 Rxb2 35. Qf4 Rb1+ 36. Bf1 Rd1 37. Ne4 Rbb1 38. Nxf6+ Kg7 39. Ng4 Rxf1+ 40. Kg2 Rg1+ 41. Kh3 Qd7 42. Qf6+ Kg8 43. Rc7 Qe6 44. Qxe6 Bxe6 45. d7 Bxd7 46. Rc8+ Bxc8 0-1

[Event "Late-Titled-Tuesday-Blitz-July-09-2024"]
[Site "Chess.com"]
[Date "2024.07.09"]
[Round "3"]
[White "biostatistician"]
[Black "ZakinIlay2306"]
[Result "1-0"]
[WhiteElo "2557"]
[BlackElo "2311"]
[TimeControl "180+1"]
[EndTime "14:28:50 PDT"]
[Termination "biostatistician won by resignation"]

1. d4 Nf6 2. Nf3 g6 3. c4 c5 4. Nc3 cxd4 5. Nxd4 Nc6 6. e4 Nxd4 7. Qxd4 d6 8. Be3 Bg7 9. f3 O-O 10. Qd2 a5 11.
Be2 a4 12. Rc1 Be6 13. Nd5 Nxd5 14. cxd5 Bd7 15. O-O a3 16. b3 Qb8 17. Rc2 Rc8 18. Rfc1 Rxc2 19. Rxc2 Qd8 20. Kf2 Rc8 21. g3 h5 22. h4 Rxc2 23. Qxc2 Qa5 24. Qc4 Bc3 25. Kg2 b5 26. Qd3 Qc7 27. Qc2 Qc8 28. Bd3 b4 29. Bc4 Qb7 30. Qd3 Qc8 31. Kh2 Qc7 32.
Bg5 Bc8 33. Bb5 Be5 34. Qc4 Qxc4 35. Bxc4 f6 36. Bd2 Bc3 37. Bxc3 bxc3 38. Bd3 Ba6 39.
Bc2 Kf7 40. Kg2 Ke8 41. Kf2 Kd7 42. Ke3 Kc7 43. Kd4 Be2 44. f4 Kb6 45. Kxc3 Bf3 46. Kb4 Bg2 47. Kxa3 Kc5 48. b4+ Kc4 49. Bb1 Bf3 50.
Ka4 Bd1+ 51. Ka5 Be2 52. b5 Kc5 53. b6 1-0

[Event "Late-Titled-Tuesday-Blitz-July-09-2024"]
[Site "Chess.com"]
[Date "2024.07.09"]
[Round "3"]
[White "MaxLeto"]
[Black "FM_Kappeler"]
[Result "0-1"]
[WhiteElo "2484"]
[BlackElo "2315"]
[TimeControl "180+1"]
[EndTime "14:28:50 PDT"]
[Termination "FM_Kappeler won by resignation"]

1. g4 e5 2. Bg2 h5 3. gxh5 Qg5 4. Kf1 d6 5. Nc3 Nc6 6. d4 Qxh5 7. Nd5 Kd8 8. c3 Nf6 9. Nb4 Nxb4 10. cxb4 e4 11. Bf4 Bf5 12. Rc1 Nd5 13. Bg3 Bg6 14. Qb3 a6 15.
Nh3 c6 16. a4 Bf5 17. Ng1 Qg6 18. b5 axb5 19. axb5 Be6 20. bxc6 bxc6 21. Qb7 Rc8 22. Rxc6 Qf6 23. Qa6 Ne3+ 24. Ke1 Nxg2+ 25. Kf1 Ne3+ 26. Ke1 Nf5 27. Rxc8+ Bxc8 28. Qb6+ Ke8 29. Qb5+ Bd7 30.
Qb8+ Qd8 31. Qxd8+ Kxd8 32. e3 Nxg3 33. fxg3 Be7 34. Ne2 d5 35. Nc3 Bb4 36. Kf2 Bxc3 37. bxc3 Ke7 38. h4 Rc8 39. Rc1 Bb5 40. Ke1 Bd3 41. Kd2 Ra8 42. c4 Ra2+ 43. Kc3 Bxc4 44. Rb1 Ra3+ 45. Kd2 Rd3+ 46. Kc2 Rxe3 47. g4 Bd3+ 0-1

[Event "Late-Titled-Tuesday-Blitz-July-09-2024"]
[Site "Chess.com"]
[Date "2024.07.09"]
[Round "3"]
[White "KNVB"]
[Black "Kombinator01"]
[Result "1-0"]
[WhiteElo "2672"]
[BlackElo "2450"]
[TimeControl "180+1"]
[EndTime "14:28:53 PDT"]
[Termination "KNVB won by resignation"]

1. d4 d5 2. Bf4 Nf6 3. e3 c5 4. c3 Nc6 5. Nd2 Qb6 6. Qb3 c4 7. Qc2 g6 8. h3 Bf5 9. Qc1 h5 10. Ngf3 Bg7 11. Be2 Ne4 12. O-O O-O 13. Nxe4 Bxe4 14. Nd2 Bf5 15. e4 Bxe4 16. Nxe4 dxe4 17.
Bxc4 e5 18. dxe5 Nxe5 19. Bxe5 Bxe5 20. Re1 Rfe8 21. Bd5 Bc7 22. Bxe4 Qd6 23. f4 Qf6 24. Bxb7 Qb6+ 25. Kh1 Qxb7 26. Qd2 Rad8 27. Rxe8+ Rxe8 28. f5 Qe4 29. fxg6 fxg6 30. Rf1 Qe5 31. g3 Qe4+ 32. Qg2 Qxg2+ 33. Kxg2 Re2+ 34. Rf2 Rxf2+ 35. Kxf2 Kf7 36. Kf3 Kf6 37. g4 h4 38. Ke4 Ke6 39. c4 Bd6 40. b3 a5 41. Kd4 Bb4 42. c5 g5 43. Kc4 Ke5 44. Kb5 Kf4 45. c6 Bd6 46. Kxa5 Kg3 47. b4 Kxh3 48. b5 Kxg4 49. b6 h3 50. c7 h2 51.
c8=Q+ Kg3 52. Qc6 Bf4 53. Kb5 g4 54. Qe4 Kh3 55. Qxf4 h1=Q 56. Qh6+ Kg2 57. Qxh1+ Kxh1 58. b7 g3 59. b8=Q g2 60. Qh8+ Kg1 61. a4 Kf1 62.
Qf6+ Ke1 63. Qd4 Ke2 64. Qg1 1-0

[Event "Late-Titled-Tuesday-Blitz-July-09-2024"]
[Site "Chess.com"]
[Date "2024.07.09"]
[Round "3"]
[White "slidingknight2775"]
[Black "champ2005"]
[Result "0-1"]
[WhiteElo "2733"]
[BlackElo "3038"]
[TimeControl "180+1"]
[EndTime "14:28:54 PDT"]
[Termination "champ2005 won on time"]

1. c4 Nf6 2. Nf3 b6 3. d4 Bb7 4. Nc3 g6 5. d5 Bg7 6. e4 O-O 7. Be2 d6 8. O-O Nbd7 9. Be3 Ng4 10. Bg5 h6 11. Bd2 Ngf6 12. b4 e5 13. g3 Qe7 14.
Qc2 Nh7 15. a4 Ng5 16. a5 Nxf3+ 17. Bxf3 f5 18. Nb5 Nb8 19. axb6 axb6 20. Rxa8 Bxa8 21.
Ra1 Bb7 22. Ra7 Bc8 23. Rxc7 Qf6 24. Be1 f4 25. Bg2 h5 26. c5 bxc5 27. bxc5 Ba6 28. Nxd6 f3 29. Bh3 Be2 30. Be6+ Kh7 31. Rf7 Rxf7 32.
Nxf7 Na6 33. h4 Nc7 34. Ng5+ Kh8 35. c6 Bf8 36. Ba5 Qe7 37. Qd2 Nb5 38. Bb4 Qxb4 39.
Qxb4 Bxb4 40. Nf7+ Kg7 41. Nxe5 Bd6 42. Nd7 Bc7 43. e5 Bc4 44. d6 Bxe6 45. dxc7 Nxc7 46. Nc5 Bd5 47. Nb3 Bxb3 0-1

[Event "Late-Titled-Tuesday-Blitz-July-09-2024"]
[Site "Chess.com"]
[Date "2024.07.09"]
[Round "3"]
[White "Horokoskii"]
[Black "bob1263"]
[Result "0-1"]
[WhiteElo "2115"]
[BlackElo "2523"]
[TimeControl "180+1"]
[EndTime "14:28:54 PDT"]
[Termination "bob1263 won by resignation"]

1. c4 Nf6 2. Nc3 e6 3. e4 d5 4. e5 Ne4 5. cxd5 exd5 6. Nxe4 dxe4 7. Qa4+ Nc6 8. Qxe4 Qd4 9. Qxd4 Nxd4 10. Bd3 Be6 11.
Ne2 O-O-O 12. Nxd4 Rxd4 13. Ke2 Rd5 14. Re1 Rxe5+ 15.
Kf1 Rxe1+ 16. Kxe1 Bc5 17. f3 Rd8 18. Be4 f5 19. Bc2 g6 20. b3 Bg1 21. h3 Bh2 22. Bb2 Bg3+ 23. Ke2 Bd5 24. Rf1 Re8+ 25. Kd1 Bc6 26.
Kc1 Bb5 27. Rd1 Re2 28. a4 Bc6 29. Bd3 Rxg2 30. Bf1 Rf2 31. Bd4 Rxf3 32. Bg2 Rxb3 33. Kc2 Bxa4 34. Ra1 Ra3+ 35. Kb2 Rxa1 36. Kxa1 a6 37. Kb2 Bc6 38. Bxc6 bxc6 39. Kb3 Bd6 40. Kc4 Kb7 41. Bc3 Kb6 42. d3 a5 43. Ba1 a4 44. Bd4+ Ka5 45. Ba1 a3 46. Bc3+ Ka4 47. Ba1 a2 48. h4 Be7 49. h5 gxh5 50. Be5 Bd6 51. Bd4 h4 52. Bb2 h3 0-1

[Event "Late-Titled-Tuesday-Blitz-July-09-2024"]
[Site "Chess.com"]
[Date "2024.07.09"]
[Round "3"]
[White "Pitomina"]
[Black "urano56"]
[Result "0-1"]
[WhiteElo "2597"]
[BlackElo "2425"]
[TimeControl "180+1"]
[EndTime "14:28:55 PDT"]
[Termination "urano56 won by resignation"]

1. d4 d5 2. Nc3 c5 3. e4 dxe4 4. d5 Nf6 5. Bf4 a6 6. Qe2 Qa5 7.
O-O-O Bf5 8. h3 Bg6 9. f3 exf3 10. Nxf3 Nbd7 11. Ne5 Nxe5 12. Qxe5 Nd7 13. Qe3 O-O-O 14. Be2 h5 15. Rhe1 Bf5 16. g4 hxg4 17. hxg4 Bg6 18.
Bf3 Nb6 19. Qe5 Nd7 20. Qe3 Rh3 21. g5 Bf5 22. Qf2 g6 23. d6 exd6 24. Qg2 Rxf3 25. Qxf3 Bg7 26. Rxd6 Rh8 27. a3 Be6 28. Bd2 Qc7 29.
Rd3 Ne5 30. Qe4 Bf5 31. Qd5 Nxd3+ 32. cxd3 Rd8 33. Qc4 Bxd3 34. Qg4+ Bf5 35. Qf3 Qc6 36. Qf4 Rd4 37. Qe3 b5 38. Qe8+ Qxe8 39. Rxe8+ Kd7 40. Ra8 b4 41. Ra7+ Kc6 42. axb4 cxb4 43. Na4 Rc4+ 44. Kd1 Bc2+ 45. Ke2 Bxa4 46. Rxa6+ Kb5 47. Ra7 Bxb2 48. Rxf7 Re4+ 49. Kd3 Rg4 0-1

[Event "Late-Titled-Tuesday-Blitz-July-09-2024"]
[Site "Chess.com"]
[Date "2024.07.09"]
[Round "3"]
[White "LidongW"]
[Black "Proteuo"]
[Result "1-0"]
[WhiteElo "2293"]
[BlackElo "2448"]
[TimeControl "180+1"]
[EndTime "14:28:56 PDT"]
[Termination "LidongW won on time"]

1. e4 e5 2. Nf3 Nc6 3. Bc4 Nf6 4. d3 Be7 5. O-O d6 6. c3 O-O 7. Re1 h6 8. Nbd2 a6 9. Bb3 Nh7 10. Nf1 Be6 11. Bc2 f5 12. exf5 Bxf5 13. Ne3 Bg6 14.
Nd2 Kh8 15. Ne4 d5 16. Ng3 d4 17. Ng4 Bd6 18. f3 Ng5 19. c4 Qd7 20. Ba4 Rae8 21.
Nf2 Ne6 22. Bxc6 Qxc6 23. a3 Nf4 24. Nfe4 b6 25. b4 Rf7 26. Bxf4 Rxf4 27. Qe2 Ref8 28. Rec1 Be7 29. Nd2 h5 30. Nge4 h4 31. h3 Bh5 32.
c5 b5 33. a4 Qg6 34. Kh1 Qe6 35. Kh2 g5 36. axb5 axb5 37. Ra7 Bd8 38. Rca1 Rg8 39. R1a6 c6 40. Rb7 g4 41. fxg4 Bxg4 42. hxg4 Rfxg4 43. Raa7 Qg6 44. Rh7+ Qxh7 45. Rxh7+ Kxh7 46. Nf3 Be7 47. Nxe5 Rxg2+ 48. Qxg2 Rxg2+ 49. Kxg2 Kh6 50. Nxc6 Bf8 51. Na7 1-0

[Event "Late-Titled-Tuesday-Blitz-July-09-2024"]
[Site "Chess.com"]
[Date "2024.07.09"]
[Round "3"]
[White "Matalon"]
[Black "Rud_Makarian"]
[Result "0-1"]
[WhiteElo "2507"]
[BlackElo "2981"]
[TimeControl "180+1"]
[EndTime "14:28:59 PDT"]
[Termination "Rud_Makarian won by resignation"]

1. e4 c5 2. Nf3 d6 3. c3 Nf6 4.
Be2 g6 5. O-O Bg7 6. Bb5+ Nbd7 7.
Re1 O-O 8. d4 a6 9. Bf1 b5 10.
a4 Bb7 11. Nbd2 bxa4 12. Qxa4 Qc7 13. h3 a5 14. e5 Nd5 15. Nc4 N7b6 16. Qa2 Nxc4 17.
Bxc4 Nb6 18. Bf1 cxd4 19. exd6 Qxd6 20. Nxd4 Bxd4 21. cxd4 Bd5 22. Qa3 Qxa3 23. Rxa3 e6 24. Bd2 a4 25. Bb4 Rfb8 26. Bc3 Bc4 27. Rea1 Bb3 28.
Bb4 Nd7 29. Bd6 Rb6 30. Bc5 Nxc5 31. dxc5 Rbb8 32. g3 Ra5 33. Rc1 Bd5 34. c6 Ra7 35. c7 Rc8 36. Rac3 Kf8 37. Bb5 Ke7 38. Ra1 Raxc7 39.
Rxc7+ Rxc7 40. Bxa4 Ra7 41. Ra3 Rb7 42. b3 Rb4 43.
Ra1 g5 44. Rc1 h5 45. Rc7+ Kf6 46. Rc3 Ke5 47. Bc6 Kd4 48. Rc1 Rxb3 49. Bxd5 exd5 50.
Kf1 h4 51. Rd1+ Ke4 52. Kg2 hxg3 53. fxg3 Rb2+ 54. Kg1 d4 55. h4 d3 56. h5 Ke3 57.
h6 Ke2 58. h7 Rb8 59. Rf1 d2 60. Rf2+ Kd3 61. Rf1 Kc2 62. Rf2 Kc1 63. Rxf7 d1=Q+ 64. Kh2 0-1

[Event "Late-Titled-Tuesday-Blitz-July-09-2024"]
[Site "Chess.com"]
[Date "2024.07.09"]
[Round "3"]
[White "boguszp"]
[Black "norwaytoadog"]
[Result "1/2-1/2"]
[WhiteElo "1967"]
[BlackElo "2332"]
[TimeControl "180+1"]
[EndTime "14:29:01 PDT"]
[Termination "Game drawn by repetition"]

1. d4 Nf6 2. Nf3 e6 3. Bf4 d5 4. e3 c5 5. Be2 Nc6 6. O-O Bd6 7.
Ne5 Qc7 8. Nxc6 bxc6 9. Bxd6 Qxd6 10. dxc5 Qxc5 11. Qd4 Qd6 12. c4 e5 13. Qd2 O-O 14.
Rd1 Be6 15. Nc3 Rad8 16. cxd5 cxd5 17. Bf3 Qb8 18. Qc2 e4 19. Be2 Qe5 20. Rd2 d4 21.
exd4 Rxd4 22. Rxd4 Qxd4 23. Rd1 Qe5 24. h3 e3 25. Bf3 Rc8 26. fxe3 Qxe3+ 27. Qf2 Qg5 28. Rf1 a5 29. Ne4 Nxe4 30. Bxe4 h5 31. Bf5 Bxf5 32. Qxf5 Rc5 33. Qxf7+ Kh7 34. Qf2 Rd5 35. Qf4 Qxf4 36. Rxf4 Rb5 37. Rf2 Kg6 38. Rc2 Kg5 39. Kf2 h4 40. g3 hxg3+ 41. Kxg3 Kf5 42. h4 g6 43. Re2 Rc5 44. b3 Rd5 45. Rf2+ Ke5 46. Re2+ Kf5 47. Rf2+ Ke5 48. Re2+ Kf5 1/2-1/2

[Event "Late-Titled-Tuesday-Blitz-July-09-2024"]
[Site "Chess.com"]
[Date "2024.07.09"]
[Round "3"]
[White "Antek_Radzimski"]
[Black "scrambleyourbrain"]
[Result "1/2-1/2"]
[WhiteElo "2570"]
[BlackElo "2354"]
[TimeControl "180+1"]
[EndTime "14:29:02 PDT"]
[Termination "Game drawn by repetition"]

1. e4 e5 2. Nf3 Nc6 3. Nc3 Nf6 4. a3 a6 5. d4 exd4 6. Nxd4 Bc5 7. Nb3 Bb6 8. Bg5 d6 9. Be2 Be6 10. O-O O-O 11. Kh1 h6 12. Bh4 g5 13. Bg3 Nh7 14.
f4 f5 15. exf5 Bxf5 16. fxg5 Nxg5 17. Bc4+ Kg7 18. Nd5 Ne4 19. Nxb6 Nxg3+ 20. hxg3 cxb6 21.
Nd4 Nxd4 22. Qxd4+ Qf6 23. Qxb6 Qg6 24. Qxb7+ Kh8 25.
Qf3 Be4 26. Qxf8+ Rxf8 27. Rxf8+ Kh7 28. Bd3 Bxd3 29. cxd3 Qxg3 30. Rf3 Qh4+ 31. Kg1 Qd4+ 32. Kh2 Qxb2 33. Re1 Qxa3 34. Re7+ Kg6 35. Re6+ Kg7 36.
Rg3+ Kh7 37. Re7+ Kh8 38. Rf3 Kg8 39. Rg3+ Kh8 40. Rd7 Qc5 41. Rf3 Qe5+ 42. Kg1 Qe1+ 43. Kh2 Qh4+ 44. Rh3 Qf4+ 45. Rg3 Qh4+ 46. Rh3 Qf4+ 47.
Kg1 Qc1+ 48. Kf2 Qf4+ 49. Rf3 Qd4+ 50. Ke2 Qb2+ 51. Ke3 Qb6+ 52. Kf4 Qd4+ 53. Kf5 Qe5+ 54. Kg6 Qe6+ 55. Rf6 Qg4+ 56. Kxh6 Qh4+ 57. Kg6 Qg4+ 58. Kh6 Qh4+ 59. Kg6 Qg4+ 60. Kh6 1/2-1/2

[Event "Late-Titled-Tuesday-Blitz-July-09-2024"]
[Site "Chess.com"]
[Date "2024.07.09"]
[Round "3"]
[White "tsvet2005"]
[Black "Robert_Oros"]
[Result "0-1"]
[WhiteElo "2665"]
[BlackElo "2321"]
[TimeControl "180+1"]
[EndTime "14:29:04 PDT"]
[Termination "Robert_Oros won by resignation"]

1. d4 e6 2. c4 Nf6 3. Nc3 Bb4 4.
e3 c5 5. Bd3 d6 6. Ne2 Nc6 7.
a3 Ba5 8. O-O e5 9. d5 Ne7 10.
f4 exf4 11. Nxf4 Bxc3 12. bxc3 O-O 13. e4 Ng4 14. Be2 Ne5 15. Qb3 Rb8 16. Nd3 N7g6 17. Nxe5 Nxe5 18. Bf4 Qe7 19. Rae1 b6 20. h3 Bd7 21.
Qd1 Rbe8 22. Rf2 Bc8 23. Ref1 Ba6 24. Qa4 Qb7 25. Bg3 Re7 26. Rf5 f6 27. Bxe5 Rxe5 28.
Rxe5 dxe5 29. Bg4 Rd8 30. Be6+ Kh8 31. Rd1 b5 32. cxb5 Qxb5 33. Qxb5 Bxb5 34. Rb1 Bd3 35.
Rb7 Bxe4 36. c4 g6 37. Rc7 Bd3 38. Rxc5 e4 39. Kf2 f5 40. Ke3 Kg7 41. Rc7+ Kf6 42. c5 Bc4 43. Rf7+ Ke5 44. Rxh7 f4+ 45. Kf2 Bxd5 46.
Bxd5 Rxd5 47. Rxa7 Rxc5 48. a4 Rc2+ 0-1

[Event "Late-Titled-Tuesday-Blitz-July-09-2024"]
[Site "Chess.com"]
[Date "2024.07.09"]
[Round "3"]
[White "JoshWeinstein"]
[Black "dawid498"]
[Result "0-1"]
[WhiteElo "2451"]
[BlackElo "2673"]
[TimeControl "180+1"]
[EndTime "14:29:07 PDT"]
[Termination "dawid498 won by resignation"]

1. e4 c5 2. Nc3 Nc6 3. Bc4 g6 4. f4 Bg7 5. Nf3 e6 6. d3 Nge7 7. Bb3 d5 8. e5 O-O 9. a3 Rb8 10. O-O b5 11. Ne2 Nf5 12. c3 d4 13. Bc2 Qb6 14. g4 Ne3 15. Bxe3 dxe3 16. d4 cxd4 17.
Nexd4 Bb7 18. Qe2 Nxd4 19. cxd4 Bxf3 20. Rxf3 Qxd4 21. Bb3 Rbc8 22. Rd1 Qb6 23. Qxe3 Qc7 24. Rf2 Rfd8 25. Rfd2 Rxd2 26. Qxd2 g5 27. f5 Qxe5 28.
Qxg5 h6 29. Qd2 Qe4 30. fxe6 Qxg4+ 31. Qg2 Qxg2+ 32. Kxg2 Kf8 33. exf7 Bxb2 34. Be6 Rb8 35. Rd2 Bxa3 36. Rc2 Bd6 37. Rc6 Ke7 38. Bd5 b4 39. Ra6 Bc5 40. Rc6 Bd6 41. Ra6 b3 42. Rxa7+ Kf8 43. Ra1 b2 44. Rb1 Rb5 45. Bc4 Rb4 46.
Ba2 Be5 47. Kf3 Rf4+ 48. Ke3 Ra4 49. Bb3 Ra3 50. Ke4 Rxb3 51. Kxe5 Kxf7 52. Kd4 Kg6 53. Kc4 Rb8 54. Kc3 Kg5 55. Rxb2 Rxb2 56. Kxb2 Kg4 57.
Kc2 Kh3 58. Kd2 Kxh2 59. Ke3 Kg3 60. Ke2 Kg2 61. Ke3 h5 62. Kf4 h4 63. Kg4 h3 0-1

[Event "Late-Titled-Tuesday-Blitz-July-09-2024"]
[Site "Chess.com"]
[Date "2024.07.09"]
[Round "3"]
[White "invisible_s0ul"]
[Black "djano"]
[Result "1/2-1/2"]
[WhiteElo "2397"]
[BlackElo "2591"]
[TimeControl "180+1"]
[EndTime "14:29:09 PDT"]
[Termination "Game drawn by repetition"]

1. d4 Nf6 2. c4 g6 3. Nc3 Bg7 4. e4 d6 5. Nf3 c5 6. Be3 cxd4 7.
Nxd4 Nc6 8. Be2 O-O 9. f3 Bd7 10. O-O Nxd4 11. Bxd4 Bc6 12. Rc1 Nd7 13. Bxg7 Kxg7 14. Qd4+ Kg8 15. b4 Nf6 16. Nd5 Bxd5 17. exd5 a5 18. a3 axb4 19. axb4 Ra2 20. Bd3 Qa8 21.
c5 dxc5 22. bxc5 Qa3 23. Bc4 Qa4 24. d6 Re8 25. dxe7 Kg7 26. Ra1 Rxa1 27. Rxa1 Qd7 28.
Qxd7 Nxd7 29. Re1 Kf6 30. Bb5 Rxe7 31. Rxe7 Kxe7 32. c6 bxc6 33. Bxc6 Ne5 34. Be4 f5 35. Bc2 Kf6 36. Kf2 Nc4 37. Bd3 Ne5 38. Be2 h5 39. g3 Nc6 40. Bd3 Ke5 41. Bb5 Nd4 42. Be8 Kf6 43.
Ba4 g5 44. Be8 h4 45. Kg2 h3+ 46. Kxh3 Nxf3 47. Kg2 g4 48. Bc6 Nd4 49. Ba8 Ke5 50.
h3 Nc2 51. hxg4 fxg4 52. Bb7 Ne3+ 53. Kf2 Nf5 54. Bc8 Nh6 55. Bxg4 Nxg4+ 56. Kg2 Nf6 57. Kf2 Ng4+ 58. Ke2 Nf6 59. Kf2 Ng4+ 1/2-1/2

[Event "Late-Titled-Tuesday-Blitz-July-09-2024"]
[Site "Chess.com"]
[Date "2024.07.09"]
[Round "3"]
[White "duone"]
[Black "Sondremelaa"]
[Result "1/2-1/2"]
[WhiteElo "2320"]
[BlackElo "2547"]
[TimeControl "180+1"]
[EndTime "14:29:09 PDT"]
[Termination "Game drawn - insufficient material"]

1. Nf3 d5 2. c4 c6 3. e3 Nf6 4. Nc3 e6 5. b3 Bd6 6. Bb2 O-O 7. Be2 b6 8. O-O Nbd7 9. d4 Bb7 10. Nd2 e5 11. dxe5 Nxe5 12. Qc2 Rc8 13. Nf3 Qe7 14. h3 dxc4 15. bxc4 c5 16. Nxe5 Qxe5 17. g3 Qe6 18. Rad1 Qxh3 19. Nd5 Bxg3 20. fxg3 Qxg3+ 21. Kh1 Nxd5 22. cxd5 Qh3+ 23. Kg1 Qxe3+ 24. Rf2 Rcd8 25. Rd3 Qe4 26.
Rg2 f6 27. Bf3 Qe1+ 28. Kh2 Qh4+ 29. Kg1 Rfe8 30. Rd1 Re1+ 31. Rxe1 Qxe1+ 32. Kh2 Qh4+ 33. Kg1 Qf4 34. Qe4 Qxe4 35. Bxe4 Kf7 36. Rd2 g6 37. Kf2 Re8 38. Bf3 h5 39. a4 h4 40. a5 bxa5 41. Ba3 c4 42. Rb2 Ba8 43. Rc2 Rd8 44.
Rxc4 Bxd5 45. Rc7+ Ke6 46. Re7+ Kf5 47. Bxd5 Rxd5 48.
Rxa7 g5 49. Rg7 Kg4 50. Be7 Rf5+ 51. Kg2 a4 52. Bd6 h3+ 53. Kh1 Rf1+ 54. Kh2 Rf2+ 55. Kg1 Kf3 56. Ra7 f5 57. Rxa4 Rd2 58. Ra3+ Kg4 59. Be5 f4 60. Bc3 Rd3 61. Bb4 Rd4 62. Bc5 Rc4 63. Bf2 Rc2 64. Bd4 Kh4 65. Bb6 g4 66. Bd8+ Kh5 67. Ra5+ Kh6 68. Ra6+ Kg7 69. Ra7+ Kg6 70. Ra6+ Kf7 71. Bg5 g3 72. Bxf4 h2+ 73. Kh1 Rc3 74. Bxg3 Rxg3 75. Kxh2 Rg6 76. Ra5 Rf6 77.
Ra7+ Kg6 78. Kg3 Rf7 79. Rxf7 Kxf7 1/2-1/2

[Event "Late-Titled-Tuesday-Blitz-July-09-2024"]
[Site "Chess.com"]
[Date "2024.07.09"]
[Round "3"]
[White "LUISMIGUELOV"]
[Black "Mattheii"]
[Result "0-1"]
[WhiteElo "2189"]
[BlackElo "2483"]
[TimeControl "180+1"]
[EndTime "14:29:11 PDT"]
[Termination "Mattheii won by checkmate"]

1. d4 Nf6 2. c3 d5 3. Bg5 Nbd7 4.
Nd2 h6 5. Bh4 b6 6. e3 Bb7 7.
Bd3 e6 8. f4 Be7 9. Bxf6 Nxf6 10. Ngf3 O-O 11. O-O c5 12. Ne5 Nd7 13. Qh5 f5 14. Ng6 Rf6 15. Nxe7+ Qxe7 16. Nf3 a5 17. Bb5 Ba6 18. Bxa6 Rxa6 19. Ne5 Ra8 20. Nxd7 Qxd7 21. a4 Qe8 22. Qxe8+ Rxe8 23. Kf2 g5 24. g3 Kg7 25.
h4 Rg6 26. hxg5 hxg5 27. Rh1 Rh8 28. Rxh8 Kxh8 29. Rh1+ Kg7 30. b3 g4 31. Rh5 Rf6 32. Ke2 Rf8 33. Kd2 Rc8 34. Rh1 c4 35. Rb1 cxb3 36.
Rxb3 Rc6 37. Kd3 Kf7 38. Rb1 Ke7 39. Rh1 Rc4 40. Rh7+ Kd6 41. Rb7 Kc6 42. Re7 Rxa4 43. Rxe6+ Kc7 44. Re7+ Kd6 45. Re5 Ra1 46. Rxf5 a4 47.
Rf6+ Kc7 48. Rf7+ Kb8 49. Rf8+ Kb7 50. Rf7+ Ka6 51. Rf8 Rg1 52. f5 Rxg3 53. f6 Rf3 54. f7 Kb5 55. Rg8 Rxf7 56. Rxg4 a3 57. Rg1 a2 58. Ra1 Ra7 59. e4 dxe4+ 60. Kxe4 Kc4 61. d5 Kxc3 62. d6 Kb2 63. Rxa2+ Kxa2 64. Kd5 b5 65.
Kc5 Rb7 66. Kc6 Rb8 67. Kc7 Rh8 68. d7 b4 69. d8=Q Rxd8 70. Kxd8 b3 71. Kd7 b2 72. Kd6 b1=Q 73. Kd5 Qb3+ 74. Kd4 Kb2 75. Ke5 Kc3 76. Ke4 Qe6+ 77. Kf4 Kd3 78. Kg5 Ke4 79. Kh4 Kf4 80. Kh5 Qg4+ 81. Kh6 Qg5+ 82. Kh7 Kf5 83.
Kh8 Kf6 84. Kh7 Qg7# 0-1

[Event "Late-Titled-Tuesday-Blitz-July-09-2024"]
[Site "Chess.com"]
[Date "2024.07.09"]
[Round "3"]
[White "schondeln"]
[Black "shirovin"]
[Result "0-1"]
[WhiteElo "2352"]
[BlackElo "2097"]
[TimeControl "180+1"]
[EndTime "14:29:11 PDT"]
[Termination "shirovin won by resignation"]

1. e4 c5 2. Nf3 d6 3. Bc4 Nf6 4. d3 e6 5. O-O Be7 6. Bb3 Nc6 7. c3 O-O 8. Re1 e5 9. Nbd2 Be6 10. Bc2 h6 11. h3 Rb8 12. Nf1 b5 13. Ng3 Qd7 14. Kh2 b4 15. d4 bxc3 16. bxc3 cxd4 17. cxd4 exd4 18. Ba4 Qb7 19. Bf4 Rfc8 20. Bxc6 Qxc6 21. Nxd4 Qd7 22. Nxe6 fxe6 23. Rb1 e5 24. Be3 a5 25. Rxb8 Rxb8 26. Qc2 Rc8 27. Qb3+ Kh7 28. Nf5 Bf8 29. f3 d5 30. Rd1 d4 31. Bd2 a4 32. Qd3 g6 33. Ng3 h5 34. f4 h4 35. Ne2 Bd6 36.
Kh1 Qc6 37. fxe5 Bxe5 38. Nxd4 Qxe4 39. Qxe4 Nxe4 40. Be3 Ng3+ 41. Kg1 Rd8 42. Kf2 Nf5 43. Nxf5 Rxd1 44. Nxh4 Rb1 45. Kf3 Rb2 46. g4 Rxa2 47.
Ke4 Bg7 48. Nf3 Ra3 49. Bd4 Rb3 50. Ne5 a3 51. h4 a2 52. h5 Rb1 53. hxg6+ Kg8 54.
g5 a1=Q 55. Bxa1 Rxa1 56. Ng4 Ra4+ 0-1

[Event "Late-Titled-Tuesday-Blitz-July-09-2024"]
[Site "Chess.com"]
[Date "2024.07.09"]
[Round "3"]
[White "ArtemDyachuk"]
[Black "vladislavkovalev"]
[Result "1-0"]
[WhiteElo "2694"]
[BlackElo "2883"]
[TimeControl "180+1"]
[EndTime "14:29:13 PDT"]
[Termination "ArtemDyachuk won by resignation"]

1. e4 e5 2. Nf3 Nc6 3. Bb5 a6 4. Ba4 Nf6 5. d3 d6 6. O-O g6 7. c3 Bg7 8. Nbd2 O-O 9. Re1 Re8 10. Nf1 b5 11. Bc2 a5 12. h3 a4 13. d4 Bd7 14.
Bg5 h6 15. Bh4 a3 16. b3 exd4 17. cxd4 Nb4 18. e5 g5 19. exf6 Rxe1 20. Nxe1 Qxf6 21. Bg3 Qxd4 22. Qxd4 Bxd4 23. Rd1 Nxa2 24. Rxd4 Nc3 25. Bd3 Bf5 26. Nc2 Ne2+ 27. Bxe2 Bxc2 28. Ne3 Bxb3 29. Rb4 a2 30. Rxb3 a1=Q+ 31. Kh2 Qa2 32. Bd1 Rb8 33.
Ng4 Kg7 34. Rf3 Qd2 35. Bb3 Rf8 36. Ne3 Kg6 37. Nf5 Qe2 38. Bd5 b4 39. h4 c5 40.
Bxd6 c4 41. Ne7+ Kg7 42. Nf5+ Kg8 43. Nxh6+ Kh7 44. Bxf8 Qe5+ 45. g3 Qxd5 46. Rxf7+ Kg6 47. Rf5 gxh4 48. Rxd5 hxg3+ 49. fxg3 c3 50. Rc5 c2 51. Rxc2 b3 52. Rb2 1-0